 Dungeon Crawl Stone Soup version 0.21.1-1-g345015f (webtiles) character file.

259 LairdRich the Chopper (level 5, -3/63 HPs)
             Began as a Demonspawn Berserker on June 18, 2018.
             Was a Priest of Trog.
             Slain by a gnoll
             ... wielding a +0 halberd
              (10 damage)
             ... on level 4 of the Dungeon.
             The game lasted 00:11:40 (3172 turns).

LairdRich the Chopper (Demonspawn Berserker)        Turns: 3172, Time: 00:11:40

Health: -3/63      AC:  6    Str: 23    XL:     5   Next: 95%
Magic:  5/5        EV: 10    Int:  8    God:    Trog [***...]
Gold:   128        SH:  0    Dex: 13    Spells: 4/4 levels left

rFire    . . .     SeeInvis .   a - +1 hand axe
rCold    . . .     Gourm    .   (no shield)
rNeg     . . .     Faith    .   k - +0 scale mail
rPois    .         Spirit   .   (helmet restricted)
rElec    .         Reflect  .   (no cloak)
rCorr    .         Harm     .   (no gloves)
MR       .....                  (no boots)
Stlth    ..........             (no amulet)
HPRegen  0.20/turn              (no ring)
MPRegen  0.09/turn              (no ring)

@: berserking, very quick
A: antennae 2, nightstalker 1
a: Berserk, Trog's Hand, Burn Spellbooks, Renounce Religion


You were on level 4 of the Dungeon.
You worshipped Trog.
Trog was most pleased with you.
You were very hungry.

You visited 1 branch of the dungeon, and saw 4 of its levels.

You collected 128 gold pieces.

Inventory:

Hand Weapons
 a - a +1 hand axe (weapon)
Missiles
 n - 3 steel tomahawks (quivered)
Armour
 k - a +0 scale mail (worn)
Wands
 o - a wand of iceblast (10)
Scrolls
 f - a scroll of magic mapping
 g - a scroll of fog
 h - 3 scrolls of remove curse
Potions
 b - a potion of invisibility
 m - a potion of ambrosia {unknown}
Comestibles
 c - 8 rations
 d - 4 chunks of flesh


   Skills:
 + Level 4.2 Fighting
 * Level 4.7 Axes
 + Level 3.1 Armour
 - Level 1.7 Dodging


You had 4 spell levels left.
You didn't know any spells.

Dungeon Overview and Level Annotations

Branches:
Dungeon (4/15)
 Temple: D:4-7

Altars:
Hepliaklqana

Annotations:
D:4 matthes123's ghost, amateur TrMo


Innate Abilities, Weirdness & Mutations

You have a pair of antennae on your head.
You are slightly more attuned to the shadows.


Message History

The gnoll closely misses you. Matthes123's ghost hits you.
You hit matthes123's ghost but do no damage.
Matthes123's ghost is lightly damaged.
The gnoll hits you but does no damage. Matthes123's ghost barely misses you.
You hit matthes123's ghost.
Matthes123's ghost is lightly damaged.
The gnoll hits you from afar with a halberd!
* * * LOW HITPOINT WARNING * * *
Matthes123's ghost closely misses you.
You closely miss matthes123's ghost.
Matthes123's ghost is lightly damaged.
Matthes123's ghost hits you.
* * * LOW HITPOINT WARNING * * *
The gnoll completely misses you.
A red film seems to cover your vision as you go berserk!
You feel yourself moving faster!
You feel mighty!
You are feeling very hungry.
Matthes123's ghost hits you but does no damage.
The gnoll hits you from afar with a halberd!
You die...

,**,*,,,****,,,,,,,,,***,,,,*,***
,**,,,,,,,,+,,,,,,,,,+,,,,,,,,,,,
,**,,,,,****,,......,***,,,,*****
,*****,** **,......** **..** * ,*
*,* **,....** *.##***** ,*****,*
**.g.#****##..,,,,,, ,,,,,,,*
*#gg,,,,,...#****** ******,*
#W#*###*#§§# *,* #####@###.###§§#
****,****#[.........##§§#
*,,,,,,,,#.##...##...§§§#
*,**,***,*,#.....#####.## *,**,*
*,*,##...## #.#
*,**,***,*,*##.##****#.#
*,**,,,,,,,* #..,,,,,..#
*,******,*** ###*****###
*,,,,,,,,*


You could see matthes123's ghost and 3 gnolls.

Vanquished Creatures
  An orc priest (D:3)
  An orc wizard (D:3)
  A worker ant zombie (D:2)
  3 adders (D:3)
  5 gnolls
  2 oozes
  2 worms (D:2)
  5 dart slugs
  9 orcs (D:3)
  A ball python (D:3)
  8 bats
  3 giant cockroaches
  7 goblins
  12 hobgoblins
  4 jackals (D:1)
  2 quokkas
  3 frilled lizards
  7 kobolds
  A leopard gecko skeleton (D:2)
  9 rats
86 creatures vanquished.

Notes
Turn   | Place    | Note
-------+----------+-------------------------------------------
     0 | D:1      | LairdRich the Demonspawn Berserker began the quest for the Orb.
     0 | D:1      | Reached XP level 1. HP: 18/18 MP: 1/1
   307 | D:1      | Gained mutation: You have a pair of small antennae on your head. [demonic ancestry]
   307 | D:1      | Reached XP level 2. HP: 24/24 MP: 2/2
   792 | D:1      | Gained mutation: You have a pair of antennae on your head. [demonic ancestry]
   792 | D:1      | Reached XP level 3. HP: 25/29 MP: 3/3
   876 | D:2      | Reached ** piety under Trog
   887 | D:2      | Gained mutation: You are slightly more attuned to the shadows. [demonic ancestry]
   887 | D:2      | Reached XP level 4. HP: 22/35 MP: 4/4
  1678 | D:2      | Found a hazy altar of Hepliaklqana.
  2057 | D:3      | Reached XP level 5. HP: 29/42 MP: 5/5
  2198 | D:3      | Reached *** piety under Trog
  3163 | D:4      | Noticed matthes123's ghost (amateur TrMo)
  3172 | D:4      | Slain by a gnoll

Skill      XL: |  1  2  3  4  5 |
---------------+----------------+-----
Axes           | 3 4 |  4.7
Armour         | 2 3 |  3.1
Fighting       | 4 |  4.2
Dodging        | |  1.7

Action                   |  1- 3 |  4- 6 || total
-------------------------+-------+-------++-------
Melee: Hand axe          |    72 |   204 ||   276
Invok: Berserk           |     3 |     3 ||     6
  Use: Scroll            |       |     7 ||     7
 Stab: Distracted        |       |     1 ||     1
  Eat: Chunk             |     2 |     6 ||     8
       Ration            |       |     1 ||     1
Armor: Animal skin       |    18 |       ||    18
       Scale mail        |       |    98 ||    98
Dodge: Dodged            |    52 |   112 ||   164
